 Dungeon Crawl Stone Soup version 0.31.0-11-ge490571c62 (webtiles) character file.

Game seed: 2195528669676485711

268 browni3141 the Chopper (level 6, -2/56 HPs)
             Began as a Minotaur Fighter on Jan 27, 2024.
             Slain by a gnoll bouda
             ... wielding a +0 whip of flaming
              (12 damage)
             ... on level 5 of the Dungeon.
             The game lasted 00:01:11 (1307 turns).

browni3141 the Chopper (Minotaur Fighter)           Turns: 1307, Time: 00:01:11

Health: -2/56      AC:  6    Str: 22    XL:     6   Next: 1%
Magic:  5/5        EV:  9    Int:  5    God:
Gold:   65         SH:  4    Dex: 10    Spells: 5/5 levels left

rFire   . . .        a - +0 war axe
rCold   . . .        c - +0 buckler
rNeg    . . .        b - +0 scale mail
rPois   .            (helmet restricted)
rElec   .            (no cloak)
rCorr   .            (no gloves)
SInv    .            (no boots)
Will    .....        (no amulet) Stlth
                     (no ring)
HPRegen 0.29/turn    (no ring)
MPRegen 0.09/turn

%: no passive effects
@: mighty
A: horns 2, retaliatory headbutt
a: no special abilities


You were on level 5 of the Dungeon.
You visited 1 branch of the dungeon, and saw 5 of its levels.

You collected 65 gold pieces.

Inventory:

Hand Weapons
 a - a +0 war axe (weapon)
Missiles
 o - 3 boomerangs (quivered)
 w - 6 javelins
Armour
 b - a +0 scale mail (worn)
 c - a +0 buckler (worn)
Jewellery
 v - an amulet of regeneration
Wands
 q - a wand of roots (1)
 x - a wand of paralysis (7)
Scrolls
 g - 2 scrolls of identify {unknown}
 i - a scroll of poison {unknown}
 l - a scroll of immolation {unknown}
 n - a scroll of blinking {unknown}
 p - 2 scrolls of enchant weapon {unknown}
 r - a scroll of vulnerability {unknown}
 s - a scroll of revelation {unknown}
 t - a scroll of fog {unknown}
 u - a scroll of fear {unknown}
Potions
 e - a potion of attraction {unknown}
 f - 3 potions of haste {unknown}
 h - a potion of ambrosia {unknown}
 j - a potion of lignification {unknown}
 k - a potion of heal wounds {unknown}
 m - a potion of berserk rage {unknown}


   Skills:
 + Level 5.5 Fighting
 * Level 6.3 Axes
 - Level 3.6 Armour
 - Level 3.6 Shields


You had 5 spell levels left.
You didn't know any spells.
Your spell library contained the following spells:

 Spells                   Type           Power      Damage    Failure   Level
 Lesser Beckoning         Tloc           0%         N/A       95%         2
 Gell's Gravitas          Tloc           0%         N/A       99%         3
 Teleport Other           Tloc           0%         N/A       99%         3


Dungeon Overview and Level Annotations

Branches:
Dungeon (5/15)
 Temple: D:4-7

Altars:
Ashenzari


Innate Abilities, Weirdness & Mutations

You have a pair of horns on your head.
You reflexively headbutt those who attack you in melee.


Message History

The ufetubus hits you but does no damage.
The ufetubus hits you. The ufetubus closely misses you.
The ufetubus hits you but does no damage.
You hit the ufetubus.
The ufetubus is heavily wounded.
You slash the ufetubus!
You kill the ufetubus!
The ufetubus barely misses you.
The ufetubus hits you but does no damage.
You block the ufetubus's attack. The ufetubus closely misses you.
You barely miss the ufetubus. Your headbutt misses the ufetubus.
The ufetubus is heavily wounded.
The ufetubus hits you but does no damage.
The ufetubus hits you. The ufetubus barely misses you.
The ufetubus hits you but does no damage.
You closely miss the ufetubus.
The ufetubus is heavily wounded.
The ufetubus hits you but does no damage. x2
You block the ufetubus's attack. The ufetubus barely misses you.
An ufetubus is nearby!
The ufetubus attacks as it pursues you! The ufetubus barely misses you.
You furiously retaliate!
You headbutt the ufetubus!
You kill the ufetubus!
No target in view!
No target in view!
HP restored.
v - an amulet of regeneration You see here 9 stones.
Key pressed, stopping explore.
No target in view!
w - 6 javelins You open the door.
There is an open door here.
x - a wand of paralysis (7)
A gnoll bouda, 3 gnolls and a hound come into view.
The gnoll bouda is wielding a +0 whip of flaming.
The gnoll bouda shouts!
The gnoll shouts! x2; The hound barks!
You hear a shout!
A gnoll comes into view. It is wielding a +0 spear.
There are monsters nearby!
You slash the gnoll!
The gnoll is severely wounded.
The gnoll hits you with a +0 flail.
The gnoll hits you from afar with a +0 spear.
The gnoll bouda barks out a call to the hunt!
The gnolls pick up the pace!
The gnoll hits you with a +0 flail.
The gnoll hits you from afar with a +0 spear.
There are monsters nearby!
You slash the gnoll!
You kill the gnoll!
The gnoll hits you from afar with a +0 spear.
The gnoll bouda gazes fiercely through you!
You feel your attacks grow feeble.
You have reached level 6!
There is an open door here.
You block the hound's attack. You block the gnoll's attack.
The hound pauses to sniff the ground.
The hound barely misses you.
There is an open door here.
You barely miss the hound. Your headbutt misses the hound. The hound bites you.
You block the gnoll's attack. The hound bites you but does no damage.
You barely miss the hound. Your headbutt misses the hound. The hound bites you.
The gnoll hits you but does no damage. The hound bites you but does no damage.
You barely miss the hound. Your headbutt misses the hound.
Your attacks no longer feel as feeble.
The hound bites you. The hound barely misses you.
You slash the hound! Your headbutt misses the hound.
The hound is heavily wounded.
The hound bites you but does no damage.
The gnoll hits you from afar with a +0 spear.
You hit the hound. Your headbutt misses the hound.
The hound is almost dead.
You barely miss the gnoll bouda. The hound bites you.
The hound closely misses you.
The gnoll bouda gazes fiercely through you!
You feel your attacks grow feeble.
The gnoll bouda hits you with a +0 whip of flaming.
The gnoll bouda burns you.
The gnoll hits you from afar with a +0 spear.
You closely miss the hound.
The hound is severely wounded.
You hit the gnoll bouda. The hound barely misses you.
The gnoll bouda barks out a call to the hunt!
The hound bites you but does no damage.
The gnoll hits you from afar with a +0 spear.
You feel very mighty all of a sudden. You block the hound's attack.
The gnoll bouda hits you with a +0 whip of flaming.
The gnoll bouda burns you.
The gnoll hits you from afar with a +0 spear.
The hound bites you.
You slash the hound!
You kill the hound!
You hit the gnoll bouda.
Your attacks no longer feel as feeble.
The gnoll bouda hits you but does no damage.
The gnoll closely misses you.
The gnoll bouda hits you with a +0 whip of flaming!
You die...

#...+ ### ##._. ####
..## .#.. #..+ ...#
.######.......#..# ...#
##(#..##......#..# ..#
#..#...##.....+..##..##
...#....##...##..g.g..#
...#.....##..##g.##)..#
...#......##.###@# .gg#
...#.......#.....# h.##
.................# g.#
.............##..# ..#
+#####...##..##### ..#
....##...##..# ...
..........#..#
..........#..#
..........#..#


You could see a gnoll bouda and a gnoll (swift).

Vanquished Creatures
  A scorpion (D:4)
  A bombardier beetle (D:3)
  3 hounds
  A sleepcap (D:4)
  A gnoll (D:5)
  2 adders (D:4)
  2 ufetubi (D:5)
  A ribbon worm (D:4)
  3 dart slugs
  2 bats (D:2)
  4 endoplasms
  4 giant cockroaches
  5 goblins
  A hobgoblin (D:4)
  2 quokkas
  A ball python (D:1)
  A frilled lizard (D:1)
  5 kobolds
  4 rats
44 creatures vanquished.

Notes
Turn   | Place    | Note
-------+----------+-------------------------------------------
     0 | D:1      | browni3141 the Minotaur Fighter began the quest for the
                  | Orb.
     0 | D:1      | Reached XP level 1. HP: 19/19 MP: 0/0
    72 | D:1      | Reached skill level 3 in Axes
   111 | D:1      | Reached XP level 2. HP: 27/27 MP: 1/1
   212 | D:3      | Noticed a bombardier beetle
   217 | D:3      | Killed a bombardier beetle
   218 | D:3      | Reached skill level 4 in Axes
   218 | D:3      | Reached XP level 3. HP: 34/34 MP: 2/2
   429 | D:4      | Reached XP level 4. HP: 39/41 MP: 3/3
   777 | D:4      | Noticed a scorpion
   782 | D:4      | Killed a scorpion
   783 | D:4      | Reached skill level 5 in Fighting
   783 | D:4      | Reached skill level 5 in Axes
   783 | D:4      | Reached XP level 5. HP: 40/48 MP: 4/4
   937 | D:4      | Reached skill level 6 in Axes
  1193 | D:5      | Entered Level 5 of the Dungeon
  1193 | D:5      | Found a broken altar of Ashenzari.
  1295 | D:5      | Reached XP level 6. HP: 44/56 MP: 5/5
  1307 | D:5      | Slain by a gnoll bouda

Illustrated notes

Levels and vault maps discovered:
D:1:      erik_arrival_cave_to_civilisation [erik_arrival_cave_to_hall],
          layout_loops_ring, serial_shops, nicolae_shop_bloodbath_and_beyond,
          chequers_serial_rivers_micro_b, serial_bayou_pond_e
D:2:      layout_basic
D:3:      layout_loops_ring, uniq_sigmund
D:4:      layout_loops_ring, minmay_temple_entry_from_below_a, minivault_5
D:5:      layout_gridville, nicolae_ashenzari_panopticon, minmay_checkerbox

Skill      XL: |  1  2  3  4  5 |
---------------+----------------+-----
Axes           | 3 4 5 6 |  6.3
Fighting       | 4 5 |  5.5
Armour         | |  3.6
Shields        | |  3.6

Action                     |  1- 3 |  4- 6 || total
---------------------------+-------+-------++-------
  Melee: War axe           |    41 |    52 ||    93
         Headbutt          |     1 |     6 ||     7
    Use: Potion            |       |     1 ||     1
 Armour: Scale mail        |    21 |    61 ||    82
  Dodge: Dodged            |    25 |    33 ||    58
  Block: Buckler           |    11 |    15 ||    26
